[Event "Titled Tuesday Blitz June 28 Late 2022"]
[White "Rios Escobar, Adan"]
[Black "Diaz Rosas, Julio Cesar"]
[WhiteFideId "3403645"]
[BlackFideId "5105099"]
[WhiteElo "2465"]
[BlackElo "2278"]
[Result "0-1"]
[Round "05"]
[TimeControl "180+1"]
[Date "2022.06.29"]
[WhiteClock "0:00:11"]
[BlackClock "0:00:21"]

1. d4 d5 2. Nf3 e6 3. g3 Nf6 4. c4 a6 5. Bg2 dxc4 6. O-O Nc6 7. e3 Rb8 8. Nfd2 Na5 9. Nc3 Be7 10. Qa4+ c6 11. Nxc4 Nxc4 12. Qxc4 O-O 13. Rd1 b5 14. Qe2 Bb7 15. b3 Qc7 16. Bb2 c5 17. Bxb7 Qxb7 18. dxc5 Bxc5 19. Rac1 Rbc8 20. h4 Bb6 21. Rd3 Rfd8 22. Rcd1 Rxd3 23. Qxd3 h6 24. Ne2 Nd5 25. Qe4 Qa7 26. Qg4 f5 27. Qg6 Qf7 28. Qxf7+ Kxf7 29. Bd4 Ba5 30. Rc1 Rxc1+ 31. Nxc1 Nb4 32. Bc3 Nc6 33. Bxa5 Nxa5 34. Kf1 Nc6 35. Ke2 e5 36. f3 e4 37. fxe4 fxe4 38. Kd2 Ke6 39. Ne2 Ke5 40. Kc3 Ne7 41. a4 Nd5+ 42. Kd2 b4 43. Nd4 Ne7 44. Ke2 a5 45. Kf2 Kd5 46. g4 g5 47. Kg3 Ke5 48. hxg5 hxg5 49. Kf2 Kd6 50. Kg3 Nd5 51. Nf5+ Ke5 52. Kf2 Nf6 53. Kg3 Nd7 54. Kf2 Nc5 55. Nd4 Kd5 56. Kg3 Nd3 57. Kg2 Ne5 58. Kg3 Nd7 59. Kg2 Nf6 60. Kg3 Ne8 61. Kf2 Nd6 62. Kg3 Nb7 63. Kf2 Nc5 64. Kg3 Nd3 65. Kg2 Nc1 66. Kg3 Na2 67. Kf2 Nc3 68. Kf1 Nd1 69. Ke2 Nc3+ 70. Kf2 Kd6 71. Kf1 Nd5 72. Kf2 Ne7 73. Kg3 Ng6 74. Kh3 Kd5 75. Kg3 Ne5 76. Kh3 Nf3 77. Kg3 Nxd4 78. exd4 Kxd4 79. Kf2 Kd3 80. Ke1 Ke3 81. Kf1 Kd2 82. Kf2 e3+ 83. Kf3 e2 84. Ke4 e1=Q+ 85. Kf5 Qe3 86. Kg6 Qxb3 87. Kxg5 Qxa4 88. Kf5 b3 89. g5 b2 90. g6 b1=Q+ 91. Kf6 Qb6+ 92. Kf7 Qd7+ 93. Kg8 Qb8# 0-1


[Site "https://www.chess.com"]

[Event "Titled Tuesday Blitz June 28 Late 2022"]
[White "Rizzo, Tobias"]
[Black "Ladan, Nicholas"]
[WhiteFideId "30942691"]
[BlackFideId "30918855"]
[WhiteElo "2284"]
[BlackElo "2167"]
[Result "0-1"]
[Round "05"]
[TimeControl "180+1"]
[Date "2022.06.29"]
[WhiteClock "0:00:01"]
[BlackClock "0:00:29"]

1. d4 d5 2. Nf3 Nf6 3. g3 c5 4. Bg2 Nc6 5. O-O cxd4 6. Nxd4 Bg4 7. c4 e6 8. Nc3 Bc5 9. Be3 Nxd4 10. Bxd4 Bxd4 11. Qxd4 dxc4 12. Qxc4 O-O 13. Rfd1 Qb6 14. Ne4 Nd5 15. Ng5 Bh5 16. Bxd5 exd5 17. Qxd5 Bxe2 18. Re1 Rad8 19. Qe4 Bd3 20. Qh4 Qxb2 21. Rad1 h6 22. Nxf7 Kxf7 23. Rxd3 Kg8 24. Qc4+ Kh8 25. Rf1 Rxd3 26. Qxd3 Qxa2 27. Qd6 Qf7 28. Qc5 b6 29. Qb5 Qf5 30. Qb4 Qc5 31. Qe4 a5 32. Qa4 Rf6 33. Qe8+ Rf8 34. Qe4 b5 35. Qd3 a4 36. Qd2 b4 37. Rc1 Qb6 38. Rb1 b3 39. Qb2 Qb4 40. Qe2 a3 41. Rd1 b2 42. Qc2 a2 43. Rf1 b1=Q 0-1


[Site "https://www.chess.com"]

[Event "Titled Tuesday Blitz June 28 Late 2022"]
[White "Rosenberg, Evan S"]
[Black "Bachmann, Axel"]
[WhiteFideId "2019299"]
[BlackFideId "3700488"]
[WhiteElo "2187"]
[BlackElo "2587"]
[Result "1-0"]
[Round "05"]
[TimeControl "180+1"]
[Date "2022.06.29"]
[WhiteClock "0:01:10"]
[BlackClock "0:00:38"]

1. e4 c6 2. d4 d5 3. e5 c5 4. dxc5 e6 5. Nf3 Bxc5 6. Bd3 Nc6 7. O-O Nge7 8. c3 Bd7 9. b4 Bb6 10. a4 Bc7 11. Qe2 Ng6 12. Bg5 Qc8 13. Re1 Ncxe5 14. Nxe5 Nxe5 15. Bc2 Bd6 16. f4 Nc4 17. f5 Qc7 18. fxe6 Bxe6 19. Qh5 g6 20. Bxg6 Bxh2+ 21. Kh1 1-0


[Site "https://www.chess.com"]

[Event "Titled Tuesday Blitz June 28 Late 2022"]
[White "Rostovtsev, Dmitry"]
[Black "Meissner, Felix"]
[WhiteFideId "34278320"]
[BlackFideId "24671827"]
[WhiteElo "2311"]
[BlackElo "2350"]
[Result "1-0"]
[Round "05"]
[TimeControl "180+1"]
[Date "2022.06.28"]
[WhiteClock "0:01:54"]
[BlackClock "0:02:39"]

1. e4 c6 2. d4 g6 3. Nc3 d5 4. Nf3 dxe4 5. Nxe4 Nf6 6. Bd3 Bg7 7. O-O O-O 8. h3 a5 9. a4 Na6 10. c3 Nc7 11. Re1 Ncd5 12. Qe2 Nxe4 13. Bxe4 h6 14. Ne5 Nf6 15. Bd3 Nd7 16. Ng4 h5 17. Nh6+ Kh7 18. Qxh5 f5 19. Qh4 e5 20. Bg5 Bf6 21. Nf7+ Kg7 22. Nxd8 Bxg5 23. Ne6+ 1-0


[Site "https://www.chess.com"]

[Event "Titled Tuesday Blitz June 28 Late 2022"]
[White "Sadhwani, Raunak"]
[Black "Lashkin, Jegor"]
[WhiteFideId "35093487"]
[BlackFideId "13907808"]
[WhiteElo "2616"]
[BlackElo "2368"]
[Result "1-0"]
[Round "05"]
[TimeControl "180+1"]
[Date "2022.06.28"]
[WhiteClock "0:00:16"]
[BlackClock "0:00:01"]

1. e4 c5 2. Nf3 d6 3. Bb5+ Nd7 4. Be2 Ngf6 5. Nc3 g6 6. d4 cxd4 7. Nxd4 Bg7 8. Be3 O-O 9. f3 Nc5 10. Qd2 Ne6 11. O-O-O a6 12. h4 Nxd4 13. Bxd4 Be6 14. h5 Qa5 15. Kb1 Rfc8 16. hxg6 hxg6 17. g4 b5 18. g5 b4 19. Na4 Bxa2+ 20. Kxa2 Qxa4+ 21. Kb1 Nxe4 22. fxe4 Bxd4 23. Qxd4 Qxc2+ 24. Ka1 Qa4+ 25. Kb1 e5 26. Qxd6 b3 27. Qa3 Qxe4+ 28. Bd3 Qb7 29. Qd6 Qc7 30. Qf6 1-0


[Site "https://www.chess.com"]

[Event "Titled Tuesday Blitz June 28 Late 2022"]
[White "Sailer, Mike"]
[Black "Silva, Miguel Antonio Neto"]
[WhiteFideId "2012901"]
[BlackFideId "1911929"]
[WhiteElo "2109"]
[BlackElo "2204"]
[Result "0-1"]
[Round "05"]
[TimeControl "180+1"]
[Date "2022.06.29"]
[WhiteClock "0:00:01"]
[BlackClock "0:00:09"]

1. d4 Nf6 2. Nf3 d5 3. Bf4 c5 4. e3 Nc6 5. Nc3 Bg4 6. Be2 e6 7. O-O Be7 8. h3 Bf5 9. Ne5 O-O 10. Nxc6 bxc6 11. dxc5 Bxc5 12. Ba6 Bd6 13. Bxd6 Qxd6 14. Qe2 Rab8 15. Rab1 c5 16. Bd3 Bg6 17. Bxg6 hxg6 18. e4 Qe5 19. exd5 Qxe2 20. Nxe2 Nxd5 21. c3 Rb6 22. Rfd1 Rfb8 23. Rd2 a5 24. a3 Rb3 25. c4 Nc3 26. Nxc3 Rxc3 27. bxc3 Rxb1+ 28. Kh2 Rb3 29. Rd8+ Kh7 30. Rc8 Rxc3 31. Rxc5 Rxa3 32. Rc7 f6 33. Ra7 g5 34. c5 Kg6 35. c6 Rc3 36. Rxa5 Rxc6 37. Ra7 e5 38. g3 Rc4 39. Kg2 g4 40. hxg4 Rxg4 41. Rb7 Rc4 42. Ra7 Rc8 43. Rb7 Kh6 44. Ra7 g6 45. Rb7 Kg5 46. Rg7 Kf5 47. Ra7 Rc3 48. Ra6 Rc2 49. Rb6 Kg5 50. Ra6 f5 51. Rb6 e4 52. Kg1 Rd2 53. Ra6 Kh5 54. Rb6 g5 55. Rb8 Kg4 56. Rb3 f4 57. gxf4 gxf4 58. Rb4 Kf3 59. Rb3+ e3 60. fxe3 fxe3 61. Ra3 Rd1+ 62. Kh2 Kf2 63. Kh3 Rd4 64. Ra2+ e2 65. Rb2 Kf1 66. Rb1+ e1=Q 0-1


[Site "https://www.chess.com"]

[Event "Titled Tuesday Blitz June 28 Late 2022"]
[White "Sarkar, Justin"]
[Black "Clawitter, Craig"]
[WhiteFideId "2010011"]
[BlackFideId "2023105"]
[WhiteElo "2020"]
[BlackElo "2233"]
[Result "0-1"]
[Round "05"]
[TimeControl "180+1"]
[Date "2022.06.29"]
[WhiteClock "0:00:01"]
[BlackClock "0:00:18"]

1. d4 e6 2. c4 Nf6 3. Nc3 d5 4. Nf3 c6 5. Bg5 dxc4 6. e4 b5 7. e5 h6 8. Bh4 g5 9. Nxg5 hxg5 10. Bxg5 Nbd7 11. g3 Bb7 12. Bg2 Qb6 13. exf6 O-O-O 14. O-O c5 15. d5 b4 16. Na4 Qb5 17. a3 exd5 18. axb4 cxb4 19. Be3 Nc5 20. Nxc5 Bxc5 21. Bf4 d4 22. Qg4+ Qd7 23. Qg5 Bb6 24. Qe5 Bc7 25. Qxc7+ Qxc7 26. Bxc7 Kxc7 27. Rxa7 Rb8 28. Re1 Kb6 29. Rea1 c3 30. bxc3 bxc3 31. R7a4 Rhc8 32. Rxd4 c2 33. Rc1 Kc5 0-1


[Site "https://www.chess.com"]

[Event "Titled Tuesday Blitz June 28 Late 2022"]
[White "Schekachikhin, Maksim"]
[Black "D`Arruda, Ricardo D."]
[WhiteFideId "24177830"]
[BlackFideId "100692"]
[WhiteElo "2239"]
[BlackElo "2452"]
[Result "1-0"]
[Round "05"]
[TimeControl "180+1"]
[Date "2022.06.29"]
[WhiteClock "0:00:24"]
[BlackClock "0:00:21"]

1. e4 c5 2. Nf3 Nc6 3. d4 cxd4 4. Nxd4 e5 5. Nb5 a6 6. Nd6+ Bxd6 7. Qxd6 Qe7 8. Qd1 Nf6 9. Nc3 d6 10. Be2 Be6 11. O-O O-O 12. Bg5 Rfd8 13. Nd5 Bxd5 14. exd5 Nb8 15. c4 h6 16. Be3 Nbd7 17. b4 b6 18. Qb3 a5 19. a3 Ra7 20. bxa5 Rxa5 21. Bxb6 Rb8 22. Qc3 Ra4 23. Be3 Ne4 24. Qc2 Nec5 25. Bg4 Rba8 26. Bxd7 Nxd7 27. Qb3 Qd8 28. Rfb1 Qc7 29. Qb7 Qxb7 30. Rxb7 Rxa3 31. Rxa3 Rxa3 32. g4 Nf6 33. h3 Rc3 34. Rc7 Nxd5 35. Rc8+ Kh7 36. Bd2 Rd3 37. Ba5 Nf4 38. h4 Rd1+ 39. Kh2 Rc1 40. Rc6 Ne6 41. Bb4 Nd4 42. Rxd6 Rxc4 43. Ba5 Nc6 44. Bc7 Ne7 45. Rd7 Ng6 46. h5 Nf8 47. Rxf7 Kg8 48. Re7 Rxg4 49. Bxe5 Rg5 50. f4 Rxh5+ 51. Kg3 Ng6 52. Rxg7+ Kf8 53. Rxg6 1-0


[Site "https://www.chess.com"]

[Event "Titled Tuesday Blitz June 28 Late 2022"]
[White "Sibilio, Mario"]
[Black "Winkels, Marcel"]
[WhiteFideId "800422"]
[BlackFideId "1003887"]
[WhiteElo "2296"]
[BlackElo "1900"]
[Result "1-0"]
[Round "05"]
[TimeControl "180+1"]
[Date "2022.06.29"]
[WhiteClock "0:00:45"]
[BlackClock "0:00:04"]

1. e4 c5 2. Nf3 d6 3. b3 Nc6 4. Bb2 e5 5. Bb5 Nf6 6. O-O Be7 7. c3 O-O 8. d4 cxd4 9. cxd4 Bg4 10. Bxc6 bxc6 11. h3 Bxf3 12. Qxf3 exd4 13. Bxd4 c5 14. Be3 Nd7 15. Nc3 Bf6 16. Rac1 Ne5 17. Qd1 g6 18. Nd5 Bg7 19. Qd2 Qd7 20. f4 Nc6 21. f5 f6 22. Bxc5 Rae8 23. Nf4 Rxe4 24. fxg6 Rxf4 25. Qd5+ Kh8 26. Rxf4 Bh6 27. Be3 Bxf4 28. Bxf4 Ne5 29. gxh7 Rc8 30. Rxc8+ Qxc8 31. Qxd6 Qf5 32. Qb8+ Kxh7 33. Qxa7+ Kg6 34. Bxe5 Qxe5 35. Qf2 1-0


[Site "https://www.chess.com"]

[Event "Titled Tuesday Blitz June 28 Late 2022"]
[White "Siniauski, Artsiom"]
[Black "Rasulov, Vugar"]
[WhiteFideId "13512269"]
[BlackFideId "13402390"]
[WhiteElo "2187"]
[BlackElo "2560"]
[Result "0-1"]
[Round "05"]
[TimeControl "180+1"]
[Date "2022.06.28"]
[WhiteClock "0:00:05"]
[BlackClock "0:01:12"]

1. e4 c5 2. Nf3 Nc6 3. Bb5 e6 4. Bxc6 bxc6 5. d3 Ne7 6. h4 d6 7. e5 Ng6 8. exd6 Bxd6 9. h5 Nf4 10. Bxf4 Bxf4 11. Qe2 O-O 12. Nbd2 Qa5 13. g3 Bh6 14. Kf1 f6 15. Nc4 Qc7 16. Kg2 e5 17. Nfd2 Be6 18. Ne4 Bd5 19. f3 Qe7 20. Qf2 f5 21. Qxc5 Qe6 22. Nc3 e4 23. Rae1 Rae8 24. fxe4 fxe4 25. Nxe4 Qg4 26. Rhf1 Qxh5 27. Nd6 Rb8 28. b3 Bd2 29. Rd1 Bb4 30. Rxf8+ Rxf8 31. Qxb4 Qxd1 32. Qb7 Qf1+ 33. Kh2 Rf2+ 34. Nxf2 Qg2# 0-1


[Site "https://www.chess.com"]

[Event "Titled Tuesday Blitz June 28 Late 2022"]
[White "So, Wesley"]
[Black "Keymer, Vincent"]
[WhiteFideId "5202213"]
[BlackFideId "12940690"]
[WhiteElo "2742"]
[BlackElo "2548"]
[Result "0-1"]
[Round "05"]
[TimeControl "180+1"]
[Date "2022.06.28"]
[WhiteClock "0:00:08"]
[BlackClock "0:00:52"]

1. e4 c6 2. d4 d5 3. e5 Bf5 4. Nd2 e6 5. Nb3 Nd7 6. Nf3 Qc7 7. Be2 c5 8. dxc5 Bxc5 9. Nxc5 Qxc5 10. c3 Ne7 11. Be3 Qc7 12. Nd4 Nxe5 13. Nb5 Qd7 14. Nxa7 Nc4 15. Bxc4 dxc4 16. Qxd7+ Kxd7 17. Nb5 Bd3 18. Bc5 Nd5 19. Ba3 e5 20. O-O-O Kc6 21. Nd6 f6 22. Nf7 Rhc8 23. Rhe1 Rc7 24. Nxe5+ fxe5 25. Rxe5 b6 26. Kd2 Rd8 27. Rde1 Nf4 28. Re7 Bg6+ 0-1


[Site "https://www.chess.com"]

[Event "Titled Tuesday Blitz June 28 Late 2022"]
[White "Souleidis, Georgios"]
[Black "Colivet Gamboa, Julio Cesar"]
[WhiteFideId "4206827"]
[BlackFideId "3949583"]
[WhiteElo "2401"]
[BlackElo "1743"]
[Result "1-0"]
[Round "05"]
[TimeControl "180+1"]
[Date "2022.06.29"]
[WhiteClock "0:00:17"]
[BlackClock "0:00:15"]

1. e4 c5 2. Be2 Nc6 3. f4 g6 4. d3 Bg7 5. Nf3 e6 6. O-O Nge7 7. c3 O-O 8. Be3 b6 9. d4 d6 10. a3 Bb7 11. b4 cxd4 12. cxd4 Qd7 13. Nc3 Rac8 14. Qd2 f5 15. e5 dxe5 16. dxe5 Qxd2 17. Bxd2 Rfd8 18. Rac1 h6 19. Rfd1 Nd4 20. Nxd4 Rxd4 21. Nb5 Rxc1 22. Bxc1 Rxd1+ 23. Bxd1 a6 24. Nc7 Kf7 25. Bb3 Bc8 26. a4 Nc6 27. b5 axb5 28. axb5 Nd4 29. Bc4 Bf8 30. Be3 Bc5 31. Kf2 Ke7 32. Na6 Kd7 33. Nxc5+ bxc5 34. Bd2 Kc7 35. Ba5+ Kb7 36. Ke3 Bd7 37. g3 Bxb5 38. Ba2 Kc6 39. Bc3 Ne2 40. Ba5 Nd4 41. Bc3 Nc2+ 42. Kd2 Nd4 43. Bxd4 cxd4 44. Bxe6 Kc5 45. Bf7 g5 46. Bg6 Bd7 47. Kd3 Kd5 48. Bf7+ Kc5 49. e6 Bc6 50. e7 Bb5+ 51. Kd2 1-0


[Site "https://www.chess.com"]

[Event "Titled Tuesday Blitz June 28 Late 2022"]
[White "Svane, Rasmus"]
[Black "Preotu, Razvan"]
[WhiteFideId "4657101"]
[BlackFideId "2613280"]
[WhiteElo "2674"]
[BlackElo "2407"]
[Result "0-1"]
[Round "05"]
[TimeControl "180+1"]
[Date "2022.06.28"]
[WhiteClock "0:00:01"]
[BlackClock "0:00:09"]

1. Nf3 c5 2. c4 Nc6 3. Nc3 g6 4. e3 Nf6 5. d4 cxd4 6. exd4 d5 7. cxd5 Nxd5 8. Qb3 e6 9. Bb5 Bg7 10. O-O O-O 11. Bxc6 bxc6 12. Re1 Qc7 13. Ne4 Rb8 14. Qd1 Rd8 15. b3 c5 16. Nxc5 Nc3 17. Qc2 Nb5 18. Be3 Bb7 19. Rac1 Bxf3 20. gxf3 Nxd4 21. Qe4 Qe7 22. Bxd4 Rxd4 23. Qe3 Qh4 24. Ne4 Rbd8 25. Rc4 Rd3 26. Qg5 Qxg5+ 27. Nxg5 h6 28. Ne4 Rxf3 29. Rc7 Bd4 30. Kg2 Rf4 31. Re2 Bb6 32. Rb7 Rd1 33. h3 h5 34. Ng5 h4 35. Nf3 Kg7 36. Ng5 Kg8 37. Rb8+ Rd8 38. Rxd8+ Bxd8 39. Nf3 Bb6 40. Rc2 Kg7 41. Ne5 Rf5 42. Nc6 Rc5 43. Rxc5 Bxc5 44. b4 Bb6 45. a4 a6 46. a5 Bc7 47. Kf3 f5 48. Ke3 g5 49. Kd4 g4 50. Ke3 gxh3 51. Kf3 Kf6 52. b5 axb5 53. a6 Bb6 54. a7 Bxa7 55. Nxa7 b4 56. Nb5 b3 57. Nc3 b2 58. Nb1 Ke5 59. Na3 Kd4 60. Nb1 Kd3 61. Na3 e5 62. Nb1 e4+ 63. Kf4 h2 0-1


[Site "https://www.chess.com"]

[Event "Titled Tuesday Blitz June 28 Late 2022"]
[White "Tanenbaum, Zachary"]
[Black "Eynullayev, Atilla"]
[WhiteFideId "2060850"]
[BlackFideId "13413570"]
[WhiteElo "2175"]
[BlackElo "1936"]
[Result "1-0"]
[Round "05"]
[TimeControl "180+1"]
[Date "2022.06.29"]
[WhiteClock "0:00:11"]
[BlackClock "0:00:05"]

1. e4 c5 2. Nf3 d6 3. d4 cxd4 4. Nxd4 Nf6 5. Nc3 a6 6. Be3 e5 7. Nb3 Be6 8. h3 Be7 9. f4 b5 10. fxe5 dxe5 11. Qxd8+ Bxd8 12. O-O-O Nbd7 13. g4 h6 14. Bg2 Bb6 15. Bxb6 Nxb6 16. Nc5 Ke7 17. Nd5+ Bxd5 18. exd5 Kd6 19. Nb7+ Kd7 20. Rhe1 Rhe8 21. d6 Rac8 22. Na5 Rc5 23. Re3 Rec8 24. c3 Re8 25. Bb7 Nfd5 26. Rf3 f6 27. Bxa6 Ra8 28. Nb3 Rcc8 29. Bb7 Rxa2 30. Bxd5 Nxd5 31. Rxd5 b4 32. Kc2 bxc3 33. Rxc3 Rb8 34. Kb1 Ra4 35. Nc5+ 1-0


[Site "https://www.chess.com"]

[Event "Titled Tuesday Blitz June 28 Late 2022"]
[White "Tatarinov, Dmitry"]
[Black "Ozates, Tuna"]
[WhiteFideId "24160067"]
[BlackFideId "6354521"]
[WhiteElo "2302"]
[BlackElo "1887"]
[Result "1-0"]
[Round "05"]
[TimeControl "180+1"]
[Date "2022.06.29"]
[WhiteClock "0:01:25"]
[BlackClock "0:00:03"]

1. e4 c5 2. Nf3 Nc6 3. Bc4 g6 4. d3 Bg7 5. O-O d6 6. c3 e5 7. h3 Nge7 8. Nbd2 O-O 9. Re1 h6 10. Bb3 Kh7 11. Nf1 f5 12. Ne3 f4 13. Nd5 Nxd5 14. Bxd5 Ne7 15. Bb3 g5 16. d4 Qc7 17. dxe5 dxe5 18. Nd2 Rd8 19. Qe2 Ng6 20. Bd5 Rb8 21. a4 Qe7 22. b4 b6 23. Ba3 cxb4 24. cxb4 g4 25. hxg4 Qg5 26. Nf3 Qxg4 27. Rac1 Qh5 28. Rc7 Bg4 29. b5 Rbc8 30. Rec1 Rxc7 31. Rxc7 Rc8 32. Rxc8 Bxc8 33. Nd4 Bg4 34. f3 exd4 35. fxg4 Qe5 36. Qc4 f3 37. Qc8 f2+ 38. Kf1 Nh4 39. Qg8+ Kg6 40. Qe6+ Qxe6 41. Bxe6 d3 42. Kxf2 Bd4+ 43. Kg3 d2 44. Bb3 Kg5 45. Be7+ 1-0


[Site "https://www.chess.com"]

[Event "Titled Tuesday Blitz June 28 Late 2022"]
[White "Terry, Renato"]
[Black "Leiva, Gianmarco"]
[WhiteFideId "3803457"]
[BlackFideId "3804399"]
[WhiteElo "2577"]
[BlackElo "2323"]
[Result "1-0"]
[Round "05"]
[TimeControl "180+1"]
[Date "2022.06.28"]
[WhiteClock "0:00:03"]
[BlackClock "0:00:01"]

1. b3 d5 2. Bb2 Nf6 3. e3 Bg4 4. Ne2 Nbd7 5. h3 Bh5 6. d3 Bg6 7. f4 h5 8. g3 e6 9. Bg2 c6 10. Qd2 a5 11. a3 Bd6 12. O-O Qb6 13. a4 Bc5 14. Nd4 e5 15. fxe5 Nxe5 16. Qf2 O-O-O 17. Nd2 Kb8 18. N2f3 Nxf3+ 19. Bxf3 Rde8 20. Rae1 Bb4 21. Re2 Nd7 22. Bg2 Ne5 23. Nf5 Rhg8 24. Qf4 Qc7 25. Kh1 Bxf5 26. Qxf5 g6 27. Bxe5 gxf5 28. Bxc7+ Kxc7 29. Rxf5 Rxg3 30. Rxf7+ Re7 31. Rf3 Rg5 32. Kg1 Rge5 33. d4 R5e6 34. Kf2 Ba3 35. Re1 Bb4 36. Rd1 Bd6 37. Rd3 h4 38. Rf5 Bg3+ 39. Ke2 Bh2 40. Rf1 Bg3 41. Bf3 Rf6 42. Bg2 Ref7 43. Rf3 Kd6 44. Rd1 b6 45. Rdf1 Rxf3 46. Bxf3 Rf6 47. Rd1 Rf8 48. c4 Rf7 49. Rc1 Rf8 50. Rc2 Rg8 51. Rb2 Bh2 52. cxd5 cxd5 53. b4 axb4 54. Rxb4 Rb8 55. Rb5 Kc7 56. Bxd5 Re8 57. Bf3 Bf4 58. e4 Rd8 59. Rf5 Bh2 60. d5 Ra8 61. Rf7+ Kd6 62. Rf6+ Ke5 63. Re6+ Kd4 64. d6 Rxa4 65. d7 Ra2+ 66. Kf1 Ke3 67. d8=Q Ra1+ 68. Bd1 1-0


[Site "https://www.chess.com"]

[Event "Titled Tuesday Blitz June 28 Late 2022"]
[White "Tinmaz, Kerem"]
[Black "Silvestre, Christian"]
[WhiteFideId "44559151"]
[BlackFideId "30956269"]
[WhiteElo "1443"]
[BlackElo "2361"]
[Result "1-0"]
[Round "05"]
[TimeControl "180+1"]
[Date "2022.06.29"]
[WhiteClock "0:00:08"]
[BlackClock "0:00:16"]

1. e4 e5 2. Nf3 Nc6 3. Bb5 Nf6 4. Nc3 d6 5. h3 Bd7 6. d3 h6 7. O-O a6 8. Bc4 Be7 9. Be3 O-O 10. a4 Kh8 11. Qd2 Nh7 12. d4 Ng5 13. Nxg5 Bxg5 14. f4 exf4 15. Bxf4 Bxf4 16. Rxf4 f5 17. Raf1 Qg5 18. Bd5 g6 19. Bxc6 bxc6 20. e5 d5 21. a5 Rab8 22. Na4 Bc8 23. Nc5 Rxb2 24. e6 Re8 25. Qe2 Rb5 26. Qe5+ Kg8 27. Qxc7 Qe7 28. Qxc6 Bxe6 29. Re1 Bd7 30. Qxg6+ Qg7 31. Rxe8+ Bxe8 32. Qxe8+ Kh7 33. Ne6 Rb1+ 34. Kh2 Qg6 35. Nf8+ 1-0


[Site "https://www.chess.com"]

[Event "Titled Tuesday Blitz June 28 Late 2022"]
[White "Tologon tegin, Semetei"]
[Black "Nilsson, Joakim"]
[WhiteFideId "13800574"]
[BlackFideId "1723383"]
[WhiteElo "2174"]
[BlackElo "2210"]
[Result "1-0"]
[Round "05"]
[TimeControl "180+1"]
[Date "2022.06.29"]
[WhiteClock "0:00:10"]
[BlackClock "0:00:51"]

1. Nf3 c5 2. g3 d5 3. Bg2 Nc6 4. d3 e5 5. Nbd2 Be7 6. e4 d4 7. O-O Nf6 8. Nh4 O-O 9. Nf5 Ne8 10. f4 f6 11. a4 Nd6 12. Nxd6 Bxd6 13. Nc4 Qe7 14. Bd2 b6 15. f5 Bc7 16. g4 Bd7 17. h4 a6 18. g5 b5 19. axb5 axb5 20. Na3 Nb4 21. g6 h6 22. Rf3 Ra6 23. Rg3 Rfa8 24. Rc1 Na2 25. Rb1 c4 26. dxc4 bxc4 27. Nxc4 Qc5 28. b3 Nc3 29. Bxc3 dxc3+ 30. Kh2 Rd8 31. Rd3 Qe7 32. Ne3 Bc6 33. Nd5 Bxd5 34. Rxd5 Rad6 35. Rxd6 Rxd6 36. Qe2 Rd2 37. Qc4+ Kh8 38. Qxc3 Qd6 39. Ra1 Qd8 40. Ra7 Bb6 41. Rb7 Rd1 42. Qb4 Rd6 43. Qb5 h5 44. Qe2 Kg8 45. Qxh5 Kf8 46. Qh7 Ke8 47. Qg8# 1-0


[Site "https://www.chess.com"]

[Event "Titled Tuesday Blitz June 28 Late 2022"]
[White "Toncheva, Nadya"]
[Black "Clarke, Brandon G I"]
[WhiteFideId "2924056"]
[BlackFideId "400319"]
[WhiteElo "1888"]
[BlackElo "2414"]
[Result "0-1"]
[Round "05"]
[TimeControl "180+1"]
[Date "2022.06.29"]
[WhiteClock "0:00:07"]
[BlackClock "0:00:05"]

1. e4 e6 2. d4 d5 3. Nd2 Nc6 4. Ngf3 Nf6 5. e5 Nd7 6. c3 f6 7. exf6 Qxf6 8. Bd3 Bd6 9. O-O O-O 10. h3 e5 11. Qb3 Nb6 12. dxe5 Nxe5 13. c4 Nxd3 14. Qxd3 dxc4 15. Nxc4 Nxc4 16. Qxc4+ Be6 17. Qh4 Qxh4 18. Nxh4 Be7 19. Re1 Bxh4 20. Rxe6 Bxf2+ 21. Kh2 Rae8 22. Rxe8 Rxe8 23. Bd2 Bd4 24. Bf4 c5 25. Rc1 Kf7 26. Bd6 b6 27. b4 Be5+ 28. Bxe5 Rxe5 29. Rd1 cxb4 30. Rd7+ Re7 31. Rd6 Ke8 32. Rd4 Re2 33. Rxb4 Rxa2 34. Rh4 h6 35. Rg4 g5 36. h4 Ra5 37. hxg5 hxg5 38. Re4+ Kf7 39. Rd4 Ke6 40. Kg3 Rd5 41. Ra4 a5 42. Kg4 Kf6 43. Kh5 Rd2 44. Rg4 Rd8 45. Rxg5 Rh8+ 46. Kg4 Rb8 47. Rb5 Ke6 48. Kf4 Kd6 49. g4 Kc6 50. Rb2 b5 51. g5 b4 52. g6 Kb5 53. Kf5 a4 54. Ke6 a3 55. Rh2 b3 56. Kf7 a2 57. Rh3 Ka4 58. Rh4+ Ka3 59. g7 a1=Q 60. g8=Q Rxg8 61. Kxg8 Qf1 62. Rh7 Qc4+ 63. Kf8 b2 64. Ra7+ Kb3 65. Rb7+ Ka2 66. Kg7 b1=Q 67. Rf7 Qxf7+ 68. Kh8 Qbh7# 0-1


[Site "https://www.chess.com"]

[Event "Titled Tuesday Blitz June 28 Late 2022"]
[White "Tristan, Leonardo"]
[Black "Abdi, Farzad"]
[WhiteFideId "113816"]
[BlackFideId "2076829"]
[WhiteElo "2404"]
[BlackElo "2327"]
[Result "1-0"]
[Round "05"]
[TimeControl "180+1"]
[Date "2022.06.29"]
[WhiteClock "0:00:08"]
[BlackClock "0:00:14"]

1. d4 Nf6 2. Nf3 d5 3. Bf4 Bf5 4. e3 c6 5. c4 Qb6 6. Qb3 Nbd7 7. Nc3 e6 8. c5 Qxb3 9. axb3 a6 10. h3 Be7 11. b4 O-O 12. Nd2 h6 13. Nb3 Bd8 14. Bd6 Re8 15. Na5 Bxa5 16. Rxa5 Ne4 17. Nxe4 Bxe4 18. Kd2 Rac8 19. f3 Bg6 20. Be2 e5 21. Rc1 exd4 22. exd4 Nf6 23. Be5 Nd7 24. Bh2 Re6 25. Bd6 Rce8 26. Bf1 h5 27. g4 hxg4 28. hxg4 f5 29. g5 Bh5 30. Ra3 g6 31. Bg3 Kf7 32. Re1 Rxe1 33. Bxe1 Nf8 34. Bxa6 bxa6 35. Rxa6 Bxf3 36. Bg3 Ne6 37. Be5 Nxg5 38. Rxc6 Ne4+ 39. Kc2 g5 40. b5 g4 41. b6 g3 42. Rc7+ Ke6 43. b7 g2 44. Rg7 Bg4 45. Bh2 Ng3 46. c6 Ne2 47. c7 Nxd4+ 48. Kd3 Nc6 49. c8=Q+ Rxc8 50. bxc8=Q+ Kf6 51. Qf8+ Ke6 52. Qd6# 1-0


[Site "https://www.chess.com"]

[Event "Titled Tuesday Blitz June 28 Late 2022"]
[White "Vlassov, Nikolai"]
[Black "Dardha, Daniel"]
[WhiteFideId "4103360"]
[BlackFideId "240990"]
[WhiteElo "2407"]
[BlackElo "2482"]
[Result "0-1"]
[Round "05"]
[TimeControl "180+1"]
[Date "2022.06.28"]
[WhiteClock "0:00:27"]
[BlackClock "0:01:24"]

1. e4 c5 2. c3 a6 3. d4 cxd4 4. cxd4 d5 5. e5 Nc6 6. Nc3 Bf5 7. g4 Bg6 8. e6 fxe6 9. f4 Nf6 10. h3 Ne4 11. Nf3 e5 12. dxe5 e6 13. Bd3 Bc5 14. Bxe4 dxe4 15. Qxd8+ Rxd8 16. Ng5 Nd4 17. Rb1 e3 18. Nge4 Bb4 19. Kf1 Bxc3 20. Nxc3 Bd3+ 21. Kg2 Bxb1 22. Nxb1 Nc2 23. Nc3 O-O 24. Kf3 g5 25. f5 exf5 26. gxf5 Rxf5+ 27. Kg4 Rxe5 28. Rh2 Nd4 0-1


[Site "https://www.chess.com"]

[Event "Titled Tuesday Blitz June 28 Late 2022"]
[White "Vovk, Orest"]
[Black "Kim, Sergey"]
[WhiteFideId "14113490"]
[BlackFideId "13700570"]
[WhiteElo "2203"]
[BlackElo "2592"]
[Result "0-1"]
[Round "05"]
[TimeControl "180+1"]
[Date "2022.06.29"]
[WhiteClock "0:00:03"]
[BlackClock "0:00:23"]

1. h4 d5 2. h5 h6 3. e4 dxe4 4. Nc3 Nf6 5. Qe2 Nc6 6. Nxe4 Nd5 7. c3 Bf5 8. d4 e6 9. g3 Be7 10. Nf3 O-O 11. Bh3 Re8 12. Kf1 Bf8 13. Kg2 b6 14. g4 Bh7 15. g5 hxg5 16. Nfxg5 Bf5 17. Qf3 f6 18. Bxf5 exf5 19. Qxf5 fxg5 20. Nxg5 Nf6 21. h6 gxh6 22. Qg6+ Bg7 23. Rxh6 Qd5+ 24. Kf1 Qc4+ 25. Kg2 Qd5+ 26. Kh2 Ng4+ 27. Kg3 Nxh6 28. Qh7+ Kf8 29. Bf4 Qf5 30. Rh1 Qg4+ 0-1


[Site "https://www.chess.com"]